 Dungeon Crawl Stone Soup version 0.30-a0-1103-g25895a7845 (webtiles) character file.

Game seed: 13106343938364087575

24 demibob the Twirler (level 2, -1/21 HPs)
             Began as a Demonspawn Wanderer on Apr 18, 2023.
             Slain by a goblin
             ... wielding a +0 club
             ... led by Robin
              (3 damage)
             ... on level 2 of the Dungeon.
             The game lasted 00:01:29 (1274 turns).

demibob the Twirler (Demonspawn Wanderer)           Turns: 1274, Time: 00:01:30

Health: -1/21      AC:  3    Str:  9    XL:     2   Next: 79%
Magic:  5/5        EV: 12    Int: 13    God:
Gold:   694        SH:  0    Dex: 17    Spells: 4/5 levels left

rFire   . . .      SeeInvis .    a - +2 quarterstaff
rCold   . . .      Faith    .    (shield currently unavailable)
rNeg    . . .      Spirit   .    d - +0 robe
rPois   .          Reflect  .    (no helmet)
rElec   .          Rampage  .    (no cloak)
rCorr   .                        (no gloves)
Will    .....                    b - +0 pair of boots
Stlth   ++                       (no amulet)
HPRegen 0.23/turn                (no ring)
MPRegen 0.09/turn                (no ring)

@: no status effects
A: big brain 1
a: no special abilities


You were on level 2 of the Dungeon.
You visited 1 branch of the dungeon, and saw 2 of its levels.

You collected 694 gold pieces.


Innate Abilities, Weirdness & Mutations

You have an unusually large brain. (Int +2)


   Skills:
 - Level 1.0 Fighting
 + Level 3.1 Staves
 - Level 1.7 Armour
 - Level 1.7 Dodging
 - Level 2.0 Spellcasting
 - Level 1.0 Air Magic


You had 4 spell levels left.
You knew the following spells:

 Your Spells              Type           Power      Damage    Failure   Level
z - Shock                 Conj/Air       8%         1d3       21%         1

Your spell library contained the following spells:

 Spells                   Type           Power      Damage    Failure   Level
 Vhi's Electric Charge    Tloc/Air       4%         N/A       52%         3

Inventory:

Hand Weapons
 a - a +2 quarterstaff (weapon)
Armour
 b - a +0 pair of boots (worn)
 d - a +0 robe (worn)
Scrolls
 f - a scroll of enchant armour {unknown}
 g - a scroll of teleportation {@r2}
Potions
 c - a potion of invisibility
 e - a potion of magic

Dungeon Overview and Level Annotations

Branches:
Dungeon (2/15)

Altars:

Annotations:
D:2 Robin

####*****#########
#..,,,,,,.........
###g#******########.
#gg@####### #######.
********
#.#ggg....###.......
**,,,,,,*
#,##g#...........#..
,,,,,,,,*
*,*#g#.#.......#.#..
,,,,,,,,*
*,,..#.#.#...#.#.#..
,,,,,,,,*
*,##.#.#.#.#.#.#.#..
,,,,,,,,*
*,*#.#.#.#.#.#†#.#..
,,,,,,,,*
*,,..#.#.#...#.#.#..
,,,,,,,,*
*,*#.#.#......)#.#..


You could see Robin, a hobgoblin (strong) and 6 goblins.


Message History

The goblin shoots a sling bullet.
The sling bullet closely misses you.
A goblin comes into view. It is wielding a +0 club.
The goblin misses you.
You hit Robin but do no damage.
Robin is moderately wounded.
The goblin shoots a sling bullet.
The sling bullet hits you.
* * * LOW HITPOINT WARNING * * *
The goblin hits you with a +0 club.
* * * LOW HITPOINT WARNING * * *
Robin throws the goblin at you!
* * * LOW HITPOINT WARNING * * *
It was a potion of magic.
Magic courses through your body. Robin hits you with a +0 club.
* * * LOW HITPOINT WARNING * * *
It was a potion of curing.
You feel better. The goblin closely misses you.
A hobgoblin comes into view.
Robin barely misses you. The goblin hits you with a +0 club.
* * * LOW HITPOINT WARNING * * *
The goblin unwields a +0 sling.
The goblin wields a +0 club.
The goblin misses you.
It was a potion of cancellation.
You feel magically purged. The goblin closely misses you.
A goblin comes into view. It is wielding a +0 club.
The goblin closely misses you.
Robin flexes a bicep menacingly.
As you read the scroll labelled BAFAL OG ZOR, it crumbles to dust.
You feel aware of your surroundings.
It was a scroll of magic mapping.
The goblin shouts!
You hear a shout!
The goblin hits you with a +0 club.
You die...

Skill      XL: |  1  2 |
---------------+-------+-----
Staves         | 2 3 |  3.1
Fighting       | |  1.0
Armour         | |  1.7
Dodging        | |  1.7
Spellcasting   | |  2.0
Air Magic      | |  1.0

Action                     || total
---------------------------++-------
  Melee: Quarterstaff      ||    54
    Use: Scroll            ||     3
         Potion            ||     3
   Stab: Sleeping          ||     5
 Armour: Robe              ||    14
  Dodge: Dodged            ||    44

Levels and vault maps discovered:
D:1:      wander_arrival_estate, layout_loops_corners,
          shapermc_ecumenical_altar_pompeii
D:2:      layout_basic, minmay_misc_feat_more_columns, guppyfry_early_lair_pool,
          uniq_robin

Notes
Turn   | Place    | Note
-------+----------+-------------------------------------------
     0 | D:1      | demibob the Demonspawn Wanderer began the quest for the
                  | Orb.
     0 | D:1      | demibob set off with the following items: a +2
                  | quarterstaff, a +0 pair of boots, a potion of invisibility,
                  | a +0 robe; and the following spell memorised: Shock; and
                  | the following spells available to memorise: Vhi's Electric
                  | Charge.
     0 | D:1      | Reached XP level 1. HP: 15/15 MP: 3/3
   128 | D:1      | Reached skill level 2 in Staves
   437 | D:1      | Gained mutation: You have an unusually large brain. (Int
                  | +2) [demonic ancestry]
   437 | D:1      | Reached XP level 2. HP: 21/21 MP: 5/5
   701 | D:1      | Found a faded altar of an unknown god.
   767 | D:1      | Identified a scroll of acquirement
   767 | D:1      | Acquired 655 gold pieces
  1039 | D:2      | Reached skill level 3 in Staves
  1263 | D:2      | Noticed Robin
  1271 | D:2      | HP: 1/21 [Robin/+0 club (4)]
  1274 | D:2      | Slain by a goblin

Vanquished Creatures
  A dart slug (D:1)
  3 ball pythons
  An endoplasm (D:1)
  A goblin (D:2)
  4 hobgoblins
  2 quokkas (D:1)
  2 bats (D:1)
  A frilled lizard (D:2)
  A kobold (D:1)
  5 rats
21 creatures vanquished.

Table legend: (Time is in decaauts)
 A = Elapsed time spent in this place.
 B = Non-inter-level travel time spent in this place.
 C = Inter-level travel time spent in this place.
 D = Time resting spent in this place.
 E = Time spent auto-exploring this place.
 F = Levels seen in this place.
 G = Mean time per level.
                   A        B        C        D        E       F      G
               +--------+--------+--------+--------+--------+-----+--------+
         Total |   1282 |   1248 |     34 |      0 |   1071 |   2 |  641.0 |
       Dungeon |   1282 |   1248 |     34 |      0 |   1071 |   2 |  641.0 |
               +--------+--------+--------+--------+--------+-----+--------+

Top non-repeatable levels by time:
     D:1: 882 daAuts
     D:2: 400 daAuts

Table legend:
 A = Non-vault XP
 B = Vault XP
 C = Vault XP percentage of total XP
 D = Non-vault monster count
 E = Vault monster count
 F = Vault count percentage of total count
                 A         B        C        D         E       F
            +---------+---------+-------+---------+---------+-------
      Total |      31 |       4 |  11.4 |      19 |       2 |   9.5
            +---------+---------+-------+---------+---------+-------
        D:1 |      26 |       0 |   0.0 |      14 |       0 |   0.0
        D:2 |       5 |       4 |  44.4 |       5 |       2 |  28.6
            +---------+---------+-------+---------+---------+-------
